[ AOE2 MATCH · #505049646 ]
UnrankedTurks vs Celts
Player's team · LOSS
Rival team · WIN
[ REPLAY ANALYSIS · EXTRACTED FROM THE RECORDED GAME ]
Feudal
10:21
Castle
—
Imperial
—
| APM avg | 56.9 |
| APM peak | 101 |
| eAPM avg | 25.0 |
| Villagers / military | 26 / 0 |
Focus
⚔️ 23.0% · 🌾 77.0%
Feudal
10:58
Castle
—
Imperial
—
| APM avg | 52.2 |
| APM peak | 71 |
| eAPM avg | 14.5 |
| Villagers / military | 27 / 6 |
Focus
⚔️ 32.4% · 🌾 67.6%
Militia ×6
Match map
Initial resources + every placement click. Lines = walls · curves = elevation contours. ◆ gold · ⬟ stone · ● berries · ✦ relic · ◌ wall gap
Your base· Open — unwalled flank
TheGardener's base· Open — unwalled flank
Smoothed initial terrain · ◌ = detected wall gap · hover for details
Inputs per minute
— Fomersode - - TheGardener
Build order — Fomersode
43 actions detected in the replay
| 0:00 | Queue | Villager (Male) |
| 0:00 | Queue | Villager (Male) |
| 0:00 | Queue | Villager (Male) |
| 0:00 | Queue | Villager (Male) |
| 0:02 | Build | House |
| 0:03 | Build | House |
| 1:46 | Queue | Villager (Male) |
| 1:46 | Queue | Villager (Male) |
| 1:46 | Queue | Villager (Male) |
| 2:23 | Queue | Villager (Male) |
| 2:23 | Queue | Villager (Male) |
| 2:28 | Build | Lumber Camp |
| 3:19 | Queue | Villager (Male) |
| 3:19 | Queue | Villager (Male) |
| 3:20 | Queue | Villager (Male) |
| 3:36 | Queue | Villager (Male) |
| 4:27 | Build | House |
| 4:29 | Queue | Villager (Male) |
| 4:30 | Queue | Villager (Male) |
| 5:14 | Queue | Villager (Male) |
| 5:14 | Queue | Villager (Male) |
| 6:17 | Queue | Villager (Male) |
| 7:17 | Research | Loom |
| 7:27 | Build | Mill |
| 7:30 | Build | House |
| 7:37 | Queue | Villager (Male) |
| 8:11 | Research | Feudal Age |
| 9:12 | Build | Barracks |
| 9:18 | Queue | Villager (Male) |
| 9:47 | Build | Palisade Gate |
| 10:21 | Age | Feudal Age |
| 10:28 | Build | Watch Tower |
| 10:30 | Build | House |
| 10:31 | Build | House |
| 10:33 | Build | House |
| 10:39 | Queue | Villager (Male) |
| 10:39 | Queue | Villager (Male) |
| 10:43 | Research | Double-Bit Axe |
| 11:05 | Build | House |
| 11:38 | Queue | Villager (Male) |
| 11:38 | Queue | Villager (Male) |
| 11:38 | Queue | Villager (Male) |
| 12:11 | Queue | Villager (Male) |
Build order — TheGardener
51 actions detected in the replay
| 0:01 | Queue | Villager (Male) ×4 |
| 0:01 | Queue | Villager (Male) |
| 0:06 | Build | House |
| 0:07 | Build | House |
| 0:08 | Build | House |
| 1:33 | Queue | Villager (Male) |
| 1:57 | Build | Lumber Camp |
| 2:05 | Queue | Villager (Male) |
| 2:24 | Queue | Villager (Male) |
| 2:53 | Queue | Villager (Male) |
| 3:17 | Queue | Villager (Male) |
| 4:00 | Queue | Villager (Male) |
| 4:04 | Queue | Villager (Male) |
| 4:49 | Build | House |
| 4:55 | Queue | Villager (Male) ×4 |
| 6:21 | Queue | Villager (Male) |
| 6:22 | Queue | Villager (Male) |
| 6:48 | Queue | Villager (Male) |
| 6:48 | Queue | Villager (Male) |
| 7:29 | Build | Barracks |
| 7:33 | Build | Mill |
| 8:02 | Build | Mining Camp |
| 8:23 | Research | Loom |
| 8:33 | Build | House |
| 8:34 | Queue | Militia |
| 8:34 | Queue | Militia |
| 8:40 | Research | Feudal Age |
| 8:59 | Queue | Militia |
| 9:04 | Build | House |
| 9:43 | Build | Palisade Gate |
| 9:55 | Queue | Villager (Male) |
| 9:57 | Queue | Militia |
| 9:57 | Queue | Militia |
| 10:58 | Age | Feudal Age |
| 11:00 | Research | Man-at-Arms (upgrade) |
| 11:22 | Queue | Villager (Male) |
| 11:30 | Queue | Villager (Male) |
| 11:42 | Queue | Villager (Male) |
| 11:47 | Queue | Villager (Male) |
| 11:49 | Queue | Militia |
| 11:52 | Research | Arson |
| 12:00 | Build | Farm |
| 12:01 | Build | Farm |
| 12:01 | Build | Farm |
| 12:01 | Build | Farm |
| 12:04 | Build | Farm |
| 12:04 | Build | Farm |
| 12:04 | Build | Farm |
| 12:09 | Queue | Villager (Male) |
| 12:48 | Queue | Villager (Male) |
| 12:51 | Build | Farm |
Match timeline
| 7:29 | TheGardener · first_building Barracks |
| 9:12 | Fomersode · first_building Barracks |
| 10:21 | Fomersode · age_up feudal |
| 10:58 | TheGardener · age_up feudal |
| 12:53 | Fomersode · resign |
[ AI ANALYSIS · 1 CREDIT ]
What really happened in this match?
Wolo.gg analyzes every decision: build order, eco, micro, common mistakes by bracket. Personalized analysis on WhatsApp or Discord in 30 seconds.
Civ guide
Turks
Perfil
Jugador #20595923